 Dungeon Crawl Stone Soup version 0.30.0-18-gc0e69614cb (webtiles) character file.

Game seed: 2227253826184466389

448 zazu2006 the Chiller (level 7, -2/60 HPs)
             Began as a Gnoll Wanderer on May 23, 2023.
             Was an Initiate of Vehumet.
             Succumbed to Duvessa's poison
             ... on level 4 of the Dungeon.
             The game lasted 00:08:22 (3757 turns).

zazu2006 the Chiller (Gnoll Wanderer)               Turns: 3757, Time: 00:08:23

Health: -2/60      AC:  4    Str: 14    XL:     7   Next: 4%
Magic:  9/12       EV: 12    Int: 11    God:    Vehumet [......]
Gold:   135        SH:  0    Dex: 11    Spells: 11/13 levels left

rFire   + . .        A - staff of cold
rCold   + + .        (no shield)
rNeg    . . .        d - +0 leather armour
rPois   .            H - +0 helmet
rElec   .            k - scarf {rC+ rF+}
rCorr   .            (no gloves)
SInv    .            (no boots)
Will    +....        (no amulet)
Stlth   ++           p - ring of willpower
HPRegen 0.30/turn    (no ring)
MPRegen 0.13/turn

%: no passive effects
@: brilliant, lethally poisoned (-2 -> -21), flying, very slightly contaminated,
hasted, very quick
A: fangs 1, strong nose, distributed training
a: Renounce Religion


You were on level 4 of the Dungeon.
You worshipped Vehumet.
Vehumet was noncommittal.
You visited 2 branches of the dungeon, and saw 5 of its levels.

You collected 135 gold pieces.

Inventory:

Hand Weapons
 a - a +0 club
 e - a +2 glaive of flaming
 v - a +2 vampiric whip
 y - a +0 long sword
Missiles
 u - 6 poisoned darts
 E - a throwing net
Armour
 d - a +0 leather armour (worn)
 k - a scarf of resistance (worn)
 H - a +0 helmet (worn)
Magical Staves
 w - a staff of poison
 A - a staff of cold (weapon)
Jewellery
 p - a ring of willpower (left hand)
 x - a ring of positive energy
 z - an amulet of guardian spirit
Wands
 t - a wand of digging (6)
Scrolls
 c - 4 scrolls of teleportation
 f - a scroll of immolation {unknown}
 g - a scroll of identify {unknown}
 h - 3 scrolls of amnesia {unknown}
 j - a scroll of fear {unknown}
 q - 2 scrolls of fog {unknown}
 r - 2 scrolls of poison {unknown}
 s - a scroll of enchant weapon {unknown}
 D - a scroll of vulnerability {unknown}
 F - a scroll of enchant armour {unknown}
 G - a scroll of magic mapping {unknown}
Potions
 b - a potion of attraction
 i - a potion of brilliance
 m - a potion of might {unknown}
 n - a potion of degeneration {unknown}
 o - a potion of curing {unknown}
 B - a potion of magic {unknown}
 C - a potion of mutation {unknown}
 I - a potion of flight
 J - a potion of heal wounds {unknown}


   Skills:
 + Level 7.0 Fighting
 + Level 2.3 Short Blades
 + Level 2.3 Long Blades
 + Level 2.3 Axes
 + Level 2.3 Maces & Flails
 + Level 2.3 Polearms
 + Level 2.3 Staves
 + Level 2.3 Ranged Weapons
 + Level 2.3 Throwing
 + Level 3.5 Armour
 + Level 2.3 Dodging
 + Level 2.3 Stealth
 + Level 2.3 Shields
 + Level 3.5 Unarmed Combat
 + Level 3.7 Spellcasting
 + Level 1.9 Conjurations
 + Level 1.9 Hexes
 + Level 1.9 Summonings
 + Level 1.9 Necromancy
 + Level 1.9 Translocations
 + Level 1.9 Transmutations
 + Level 1.9 Fire Magic
 + Level 7.4 Ice Magic
 + Level 1.9 Air Magic
 + Level 1.9 Earth Magic
 + Level 1.9 Poison Magic
 + Level 2.5 Invocations
 + Level 2.3 Evocations


You had 11 spell levels left.
You knew the following spells:

 Your Spells              Type           Power      Damage    Failure   Level
a - Freeze                Ice            100%       1d10      1%          1
b - Sting                 Tmut/Pois      36%        1d4       14%         1

Your spell library contained the following spells:

 Spells                   Type           Power      Damage    Failure   Level
 Poisonous Vapours        Pois/Air       18%        N/A       21%         2
 Ice Form                 Ice/Tmut       27%        N/A       41%         4
 Summon Ice Beast         Ice/Summ       27%        N/A       41%         4
 Olgreb's Toxic Radiance  Pois           9%         N/A       80%         4
 Blade Hands              Tmut           4%         N/A       98%         5
 Irradiate                Conj/Tmut      4%         3d13      98%         5
 Dragon Form              Tmut           4%         N/A       100%        7


Dungeon Overview and Level Annotations

Branches:
Dungeon (4/15)             Temple (1/1) D:4

Altars:
Cheibriados
Dithmenos
Makhleb
Nemelex Xobeh
Okawaru
Qazlal
Uskayaw
Vehumet
Wu Jian
Zin

Annotations:
D:4 Duvessa


Innate Abilities, Weirdness & Mutations

You have very sharp teeth.
Your uncanny sense of smell can sniff out nearby items.
Your experience applies equally to all skills.


Message History

Duvessa is lightly wounded.
You feel very sick. Duvessa misses you.
Casting: Sting (safe; 14% risk of failure)
Confirm with . or Enter, or press ? or * to list all spells.
Aiming: Sting (safe; 14% risk of failure)
Press: ? - help, Shift-Dir - straight line, f/p - Duvessa
Aim: Duvessa, wielding a +1 short sword of venom and wearing a +0 leather armour (lightly wounded, poisoned, 72% to hit)
You miscast Sting.
You are very lightly contaminated with residual magic.
Nothing appears to happen.
You feel very sick.
Duvessa hits you with a +1 short sword of venom!
You are more poisoned.
Casting: Sting (safe; 14% risk of failure)
Confirm with . or Enter, or press ? or * to list all spells.
Aiming: Sting (safe; 14% risk of failure)
Press: ? - help, Shift-Dir - straight line, f/p - Duvessa
Aim: Duvessa, wielding a +1 short sword of venom and wearing a +0 leather armour (lightly wounded, poisoned, 72% to hit)
The sting hits Duvessa but does no damage.
Duvessa looks even sicker.
Duvessa is lightly wounded.
You feel extremely sick.
Duvessa hits you with a +1 short sword of venom!
* * * LOW HITPOINT WARNING * * *
You are more poisoned.
It was a potion of brilliance.
You feel clever all of a sudden.
* * * LOW HITPOINT WARNING * * *
You feel extremely sick.
Duvessa hits you with a +1 short sword of venom.
* * * LOW HITPOINT WARNING * * *
It was a potion of flight.
You feel very buoyant.
You fly up into the air.
* * * LOW HITPOINT WARNING * * *
You feel very sick. Duvessa barely misses you.
It was a potion of haste.
You feel yourself speed up.
You die...

##.#.# #........#
##..).# #........#
#....####........#
##.##.............#
#...#...##........#
#.8.###.##........#
#...# #K##........#
###.####e##..).....#
#⌠...⌠##@####.######
#..)..##.##...#
#..>..##.##.#.#
#.....##....#.#
#⌠...⌠##..###.#
###.#####..##.#
###.#...###...##.#
#.. #.8.##..#.##.#
#### #.#
#...#..##.####


You could see Duvessa (very poisoned) and a kobold.

Vanquished Creatures
  Sigmund (D:4)
  Blork the orc (D:4)
  An iguana (D:4)
  Robin (D:3)
  3 gnolls (D:3)
  7 adders
  2 worms
  A dart slug (D:1)
  3 ball pythons
  7 endoplasms
  5 giant cockroaches
  14 goblins
  8 hobgoblins
  4 quokkas
  A bat (D:1)
  7 frilled lizards
  8 kobolds
  2 rats
76 creatures vanquished.

Notes
Turn   | Place    | Note
-------+----------+-------------------------------------------
     0 | D:1      | zazu2006 the Gnoll Wanderer began the quest for the Orb.
     0 | D:1      | zazu2006 set off with the following items: a +0 club, a
                  | potion of attraction, a scroll of teleportation, a +0
                  | leather armour, a potion of lignification; and the
                  | following spell memorised: Freeze; and the following spells
                  | available to memorise: Ice Form, Summon Ice Beast.
     0 | D:1      | Reached XP level 1. HP: 23/23 MP: 4/4
   123 | D:1      | Reached XP level 2. HP: 28/29 MP: 3/5
   878 | D:2      | Reached XP level 3. HP: 35/35 MP: 5/7
  1187 | D:2      | Reached skill level 1 in Invocations
  1407 | D:2      | Reached skill level 1 in Short Blades
  1407 | D:2      | Reached skill level 1 in Long Blades
  1407 | D:2      | Reached skill level 1 in Axes
  1407 | D:2      | Reached skill level 1 in Maces & Flails
  1407 | D:2      | Reached skill level 1 in Polearms
  1407 | D:2      | Reached skill level 1 in Staves
  1407 | D:2      | Reached skill level 1 in Ranged Weapons
  1407 | D:2      | Reached skill level 1 in Throwing
  1407 | D:2      | Reached skill level 1 in Dodging
  1407 | D:2      | Reached skill level 1 in Stealth
  1407 | D:2      | Reached skill level 1 in Shields
  1407 | D:2      | Reached skill level 1 in Evocations
  1571 | D:2      | Reached XP level 4. HP: 37/41 MP: 4/8
  1646 | D:2      | Found a faded altar of an unknown god.
  1906 | D:3      | Noticed Robin
  2068 | D:3      | Reached skill level 1 in Conjurations
  2068 | D:3      | Reached skill level 1 in Hexes
  2068 | D:3      | Reached skill level 1 in Summonings
  2068 | D:3      | Reached skill level 1 in Necromancy
  2068 | D:3      | Reached skill level 1 in Translocations
  2068 | D:3      | Reached skill level 1 in Transmutations
  2068 | D:3      | Reached skill level 1 in Fire Magic
  2068 | D:3      | Reached skill level 1 in Air Magic
  2068 | D:3      | Reached skill level 1 in Earth Magic
  2068 | D:3      | Reached skill level 1 in Poison Magic
  2179 | D:3      | Learned a level 1 spell: Sting
  2383 | D:3      | Reached XP level 5. HP: 47/47 MP: 3/9
  2743 | D:3      | Killed Robin
  3057 | D:4      | Noticed Blork the orc
  3246 | D:4      | Noticed Sigmund
  3264 | D:4      | Killed Sigmund
  3265 | D:4      | Reached XP level 6. HP: 31/53 MP: 0/11
  3359 | D:4      | Found a staircase to the Ecumenical Temple.
  3376 | Temple   | Entered the Ecumenical Temple
  3429 | Temple   | Became a worshipper of Vehumet
  3461 | D:4      | Killed Blork the orc
  3477 | D:4      | Reached XP level 7. HP: 41/60 MP: 1/12
  3620 | D:4      | Noticed Duvessa
  3756 | D:4      | HP: 2/60 [poisoned by Duvessa]
  3757 | D:4      | Succumbed to Duvessa's poison

Illustrated notes

Levels and vault maps discovered:
D:1:      mrwooster_arrival_statue, layout_loops_cross
D:2:      layout_basic, shapermc_ecumenical_altar_mp_highgroup
D:3:      layout_basic, uniq_robin
D:4:      layout_rooms, minmay_temple_entry_antechambers, serial_shops, shop,
          shop, minmay_crossroads, uniq_pikel, uniq_duvessa, uniq_sigmund,
          uniq_blork_the_orc
Temple:   compressed_dpeg_triangle_lava_temple

Skill      XL: |  1  2  3  4  5  6 |
---------------+-------------------+-----
Invocations    | 1 2 |  2.5
Short Blades   | 1 2 |  2.3
Long Blades    | 1 2 |  2.3
Axes           | 1 2 |  2.3
Maces & Flails | 1 2 |  2.3
Polearms       | 1 2 |  2.3
Staves         | 1 2 |  2.3
Ranged Weapons | 1 2 |  2.3
Throwing       | 1 2 |  2.3
Dodging        | 1 2 |  2.3
Stealth        | 1 2 |  2.3
Shields        | 1 2 |  2.3
Evocations     | 1 2 |  2.3
Spellcasting   | 3 |  3.7
Conjurations   | 1 |  1.9
Hexes          | 1 |  1.9
Summonings     | 1 |  1.9
Necromancy     | 1 |  1.9
Translocations | 1 |  1.9
Transmutations | 1 |  1.9
Fire Magic     | 1 |  1.9
Air Magic      | 1 |  1.9
Earth Magic    | 1 |  1.9
Poison Magic   | 1 |  1.9
Armour         | 3 |  3.5
Unarmed Combat | 3 |  3.5
Fighting       | 7 |  7.0
Ice Magic      | |  7.4

Action                     |  1- 3 |  4- 6 |  7- 9 || total
---------------------------+-------+-------+-------++-------
  Melee: Club              |     2 |     1 |       ||     3
         Staff             |       |    39 |       ||    39
         Bite              |       |     3 |       ||     3
         Punch             |       |     1 |       ||     1
   Cast: Freeze            |    53 |    47 |       ||   100
         Sting             |       |    47 |     3 ||    50
    Use: Potion            |       |     1 |     3 ||     4
 Armour: Leather armour    |     5 |    11 |       ||    16
         Skin              |       |    14 |     1 ||    15
  Dodge: Dodged            |    14 |    40 |     2 ||    56
